ESL (28 & UNDER)
INTERCOURSE AMISH @ KINGSTON IGUANAS
06/22/2028
 
TOP OF THE 1ST
Intercourse Amish batting - Pitching for Kingston Iguanas : RHP Tom Hicks
Pitching: RHP Tom Hicks
Batting: LHB Dave Reynolds 0-0: Ground out 1-3 (Groundball, 13S)
Batting: LHB Bruce Foster 0-0: Ball
1-0: Ball
2-0: Foul Ball, location: 2F
2-1: DOUBLE (Flyball, 89XD)
Batting: RHB John Little 0-0: Ball
1-0: Fly out, F9 (Flyball, 9LMF)
Batting: RHB José Velázquez 0-0: Foul Ball, location: 2F
0-1: 2-RUN HOME RUN (Flyball, 78XD), Distance : 408 ft
Batting: RHB Juan Caceres 0-0: Called Strike
0-1: Ball
1-1: Swinging Strike
1-2: Ball
2-2: Ball
3-2: Ground out 6-3 (Groundball, 6)
Top of the 1st over - 2 run(s), 2 hit(s), 0 error(s), 0 left on base; Intercourse 2 - Kingston 0
BOTTOM OF THE 1ST
Kingston Iguanas batting - Pitching for Intercourse Amish : RHP Jeff Davis
Pitching: RHP Jeff Davis
Batting: LHB Billy Anderson 0-0: Foul Ball, location: 2F
0-1: Foul Ball, location: 2F
0-2: Ball
1-2: SINGLE (Popup, 4MS)
Batting: RHB Francisco Martínez 0-0: Ball
1-0: Foul Ball, location: 2F
1-1: SINGLE (Line Drive, 8RS)
Billy Anderson to second
Batting: LHB Dusty Wilson 0-0: Called Strike
0-1: Ball
1-1: Ball
2-1: Ball
3-1: Base on Balls
Billy Anderson to third
Francisco Martínez to second
Batting: RHB Tommy Davenport 0-0: Ball
1-0: Fly out, F7 (Flyball, 78D)
Runner from 3rd tags up, SCORES, no throw
Batting: LHB Gustavo Gómez 0-0: Called Strike
0-1: Swinging Strike
0-2: Ball
1-2: Strikes out swinging
Batting: SHB Devin Smith 0-0: Ball
1-0: Ball
2-0: Called Strike
2-1: SINGLE (Groundball, 56D)
Francisco Martínez to third
Dusty Wilson to second
Runner from 3rd tries for Home, SAFE, no throw
Batting: SHB Júlio Valentín 0-0: Ball
1-0: Ball
2-0: Ball
3-0: Called Strike
3-1: Base on Balls
Dusty Wilson to third
Devin Smith to second
Batting: RHB Ken MacDonald 0-0: Foul Ball, location: 2F
0-1: Ball
1-1: Ground out 1-3 (Groundball, 15S)
Bottom of the 1st over - 2 run(s), 3 hit(s), 0 error(s), 3 left on base; Intercourse 2 - Kingston 2
TOP OF THE 2ND
Intercourse Amish batting - Pitching for Kingston Iguanas : RHP Tom Hicks
Batting: LHB Caleb Hall 0-0: Ball
1-0: Called Strike
1-1: Ball
2-1: Ground out U3 (Groundball, 3)
Batting: RHB Joe Zapata 0-0: Ball
1-0: Ball
2-0: Foul Ball, location: 2F
2-1: Ball
3-1: Foul Ball, location: 2F
3-2: Base on Balls
Batting: RHB Bob Carr 0-0: Called Strike
0-1: Foul Ball, location: 2F
0-2: Ball
1-2: Ball
2-2: Ball
3-2: DOUBLE (Groundball, 5L)
Joe Zapata to third
Batting: RHB Leon Heath 0-0: Ball
1-0: Ball
2-0: Ball
3-0: Base on Balls
Batting: LHB Dave Reynolds 0-0: Fly out, F8 (Flyball, 89D)
Runner from 3rd tags up, SCORES, no throw
Bob Carr to third
Batting: LHB Bruce Foster 0-0: Swinging Strike
0-1: Swinging Strike
0-2: Ball
1-2: Foul Ball, location: 2F
1-2: Foul Ball, location: 2F
1-2: Ball
2-2: Ball
3-2: Base on Balls
Leon Heath to second
Batting: RHB John Little 0-0: Ball
1-0: Ball
2-0: Fly out, F9 (Line Drive, 9S)
Top of the 2nd over - 1 run(s), 1 hit(s), 0 error(s), 3 left on base; Intercourse 3 - Kingston 2
BOTTOM OF THE 2ND
Kingston Iguanas batting - Pitching for Intercourse Amish : RHP Jeff Davis
Batting: SHB John Beach 0-0: Ball
1-0: Fly out, F3 (Line Drive, 34)
Batting: LHB Billy Anderson 0-0: Called Strike
0-1: SINGLE (Groundball, 3D)
Batting: RHB Francisco Martínez 0-0: Ball
1-0: Called Strike
1-1: Called Strike
1-2: Fly out, F7 (Flyball, 7S)
Batting: LHB Dusty Wilson 0-0: Called Strike
0-1: Fielders Choice at 2nd, 6-4 (Groundball, 6)
Bottom of the 2nd over - 0 run(s), 1 hit(s), 0 error(s), 0 left on base; Intercourse 3 - Kingston 2
TOP OF THE 3RD
Intercourse Amish batting - Pitching for Kingston Iguanas : RHP Tom Hicks
Batting: RHB José Velázquez 0-0: SINGLE (Groundball, 6D)
Batting: RHB Juan Caceres 0-0: Called Strike
0-1: Swinging Strike
0-2: Grounds into double play, 6-4-3 (Groundball, 6)
Batting: LHB Caleb Hall 0-0: Ball
1-0: Called Strike
1-1: Ball
2-1: Ground out 4-3 (Groundball, 4M)
Top of the 3rd over - 0 run(s), 1 hit(s), 0 error(s), 0 left on base; Intercourse 3 - Kingston 2
BOTTOM OF THE 3RD
Kingston Iguanas batting - Pitching for Intercourse Amish : RHP Jeff Davis
Batting: RHB Tommy Davenport 0-0: Called Strike
0-1: Ball
1-1: Called Strike
1-2: Foul Ball, location: 2F
1-2: Ball
2-2: Foul Ball, location: 2F
2-2: Ball
3-2: Ground out U3 (Groundball, 34)
Batting: LHB Gustavo Gómez 0-0: SINGLE (Line Drive, 56)
Batting: SHB Devin Smith 0-0: Ball
1-0: Foul Ball, location: 2F
1-1: Foul Ball, location: 2F
1-2: Ball
2-2: Ball
3-2: Foul Ball, location: 2F
3-2: Foul Ball, location: 2F
3-2: Base on Balls
Gustavo Gómez to second
Batting: SHB Júlio Valentín 0-0: Called Strike
0-1: Swinging Strike
0-2: Ball
1-2: Strikes out swinging
Batting: RHB Ken MacDonald 0-0: Foul Ball, location: 2F
0-1: Ball
1-1: Swinging Strike
1-2: Ball
2-2: SINGLE (Flyball, 9LS)
Gustavo Gómez to third
Devin Smith to second
Batting: SHB John Beach 0-0: Ball
1-0: Called Strike
1-1: Ball
2-1: Foul Ball, location: 2F
2-2: DOUBLE (Flyball, 89D)
Gustavo Gómez scores
Devin Smith scores
Ken MacDonald to third
Runner from 3rd tries for Home, throw and OUT!
Bottom of the 3rd over - 2 run(s), 3 hit(s), 0 error(s), 1 left on base; Intercourse 3 - Kingston 4
TOP OF THE 4TH
Intercourse Amish batting - Pitching for Kingston Iguanas : RHP Tom Hicks
Now at 3B: Bobby Armstrong
Batting: RHB Joe Zapata 0-0: Called Strike
0-1: Ball
1-1: Called Strike
1-2: Ground out 5-3 (Groundball, 56S)
Batting: RHB Bob Carr 0-0: Ball
1-0: Ground out 5-3 (Groundball, 56S)
Batting: RHB Leon Heath 0-0: Called Strike
0-1: Ground out 6-3 (Groundball, 6)
Top of the 4th over - 0 run(s), 0 hit(s), 0 error(s), 0 left on base; Intercourse 3 - Kingston 4
BOTTOM OF THE 4TH
Kingston Iguanas batting - Pitching for Intercourse Amish : RHP Jeff Davis
Batting: LHB Billy Anderson 0-0: Called Strike
0-1: Ball
1-1: Swinging Strike
1-2: Fly out, F6 (Popup, 6MD)
Batting: RHB Francisco Martínez 0-0: DOUBLE (Line Drive, 89M)
Batting: LHB Dusty Wilson 0-0: Called Strike
0-1: Ball
1-1: Hit by Pitch
Batting: RHB Tommy Davenport 0-0: DOUBLE (Line Drive, 7LD)
Francisco Martínez scores
Dusty Wilson to third
Batting: LHB Gustavo Gómez 0-0: Called Strike
0-1: Ball
1-1: Ball
2-1: Ball
3-1: Fly out, F8 (Flyball, 8LD)
Runner from 3rd tags up, SCORES, no throw
Pitching: RHP Don Shelton
Batting: SHB Devin Smith 0-0: Swinging Strike
0-1: Ground out 1-3 (Groundball, 15S)
Bottom of the 4th over - 2 run(s), 2 hit(s), 0 error(s), 1 left on base; Intercourse 3 - Kingston 6
TOP OF THE 5TH
Intercourse Amish batting - Pitching for Kingston Iguanas : RHP Tom Hicks
Batting: LHB Dave Reynolds 0-0: Foul Ball, location: 2F
0-1: Called Strike
0-2: Ground out 6-3 (Groundball, 6M)
Batting: LHB Bruce Foster 0-0: Ball
1-0: Ball
2-0: Called Strike
2-1: Ball
3-1: Called Strike
3-2: Foul Ball, location: 2F
3-2: Fly out, F7 (Flyball, 7LS)
Batting: RHB John Little 0-0: Ground out 4-3 (Groundball, 4)
Top of the 5th over - 0 run(s), 0 hit(s), 0 error(s), 0 left on base; Intercourse 3 - Kingston 6
BOTTOM OF THE 5TH
Kingston Iguanas batting - Pitching for Intercourse Amish : RHP Don Shelton
Batting: SHB Júlio Valentín 0-0: Ball
1-0: Swinging Strike
1-1: Ball
2-1: Foul Ball, location: 2F
2-2: Fly out, F6 (Popup, 6MD)
Batting: RHB Ken MacDonald 0-0: Ball
1-0: Called Strike
1-1: SOLO HOME RUN (Flyball, 8LXD), Distance : 431 ft
Batting: RHB Bobby Armstrong 0-0: Ball
1-0: Foul Ball, location: 2F
1-1: Ball
2-1: Foul Ball, location: 2F
2-2: Foul Ball, location: 2F
2-2: Strikes out swinging
Batting: LHB Billy Anderson 0-0: Ball
1-0: SINGLE (Groundball, 4MS) (infield hit)
Batting: RHB Francisco Martínez 0-0: Ball
1-0: Called Strike
1-1: Called Strike
1-2: Ball
2-2: SINGLE (Groundball, 4MD)
Billy Anderson to second
Batting: LHB Dusty Wilson 0-0: Called Strike
0-1: Called Strike
0-2: Ball
1-2: Ball
2-2: Foul Ball, location: 2F
2-2: Strikes out swinging
Bottom of the 5th over - 1 run(s), 3 hit(s), 0 error(s), 2 left on base; Intercourse 3 - Kingston 7
TOP OF THE 6TH
Intercourse Amish batting - Pitching for Kingston Iguanas : RHP Tom Hicks
Batting: RHB José Velázquez 0-0: Ball
1-0: Ball
2-0: Ball
3-0: Swinging Strike
3-1: Called Strike
3-2: Foul Ball, location: 2F
3-2: SINGLE (Groundball, 56S) (infield hit)
Batting: RHB Juan Caceres 0-0: DOUBLE (Line Drive, 89M)
José Velázquez to third
Batting: LHB Caleb Hall 0-0: Ball
1-0: Ball
2-0: Foul Ball, location: 2F
2-1: Fly out, F9 (Flyball, 9S)
Batting: RHB Joe Zapata 0-0: Ball
Wild Pitch!
José Velázquez scores
Juan Caceres to third
1-0: Foul Ball, location: 2F
1-1: Swinging Strike
1-2: Ball
2-2: Foul Ball, location: 2F
2-2: Ball
3-2: Foul Ball, location: 2F
3-2: Strikes out swinging
Batting: RHB Bob Carr 0-0: Called Strike
0-1: Foul Ball, location: 2F
0-2: Ball
1-2: Foul Ball, location: 2F
1-2: Ball
2-2: Ball
3-2: Foul Ball, location: 2F
3-2: Strikes out swinging
Top of the 6th over - 1 run(s), 2 hit(s), 0 error(s), 1 left on base; Intercourse 4 - Kingston 7
BOTTOM OF THE 6TH
Kingston Iguanas batting - Pitching for Intercourse Amish : RHP Don Shelton
Batting: RHB Tommy Davenport 0-0: Ball
1-0: Ball
2-0: Called Strike
2-1: Ball
3-1: Foul Ball, location: 2F
3-2: Strikes out swinging
Batting: LHB Gustavo Gómez 0-0: Ground out 4-3 (Groundball, 4)
Batting: SHB Devin Smith 0-0: Ball
1-0: Ball
2-0: Ball
3-0: Foul Ball, location: 2F
3-1: Base on Balls
Batting: SHB Júlio Valentín 0-0: Called Strike
0-1: Foul Ball, location: 2F
0-2: Ball
1-2: Ball
Devin Smith steals 2nd base
2-2: Fly out, F8 (Flyball, 8LM)
Bottom of the 6th over - 0 run(s), 0 hit(s), 0 error(s), 1 left on base; Intercourse 4 - Kingston 7
TOP OF THE 7TH
Intercourse Amish batting - Pitching for Kingston Iguanas : RHP Tom Hicks
Pitching: LHP Ray McKnight
Batting: RHB Leon Heath 0-0: Ball
1-0: Called Strike
1-1: Foul Ball, location: 2F
1-2: Foul Ball, location: 2F
1-2: Ball
2-2: Foul Ball, location: 2F
2-2: Ball
3-2: Base on Balls
Batting: LHB Dave Reynolds 0-0: Ball
1-0: Hit by Pitch
Leon Heath to second
Batting: LHB Bruce Foster 0-0: Ball
Leon Heath is caught stealing 3rd base
Dave Reynolds to second
1-0: SINGLE (Groundball, 3D)
Dave Reynolds to third
Runner from 3rd tries for Home, SAFE, no throw
Batting: RHB John Little 0-0: Ball
1-0: Ball
2-0: Foul Ball, location: 2F
2-1: Swinging Strike
2-2: Ground out 5-3 (Groundball, 5S)
Bruce Foster to second
Batting: RHB José Velázquez 0-0: Ball
1-0: DOUBLE (Line Drive, 78XD)
Bruce Foster scores
Pitching: RHP Ron Jenkins
Batting: RHB Juan Caceres 0-0: Ball
1-0: Fly out, F6 (Line Drive, 6M)
Top of the 7th over - 2 run(s), 2 hit(s), 0 error(s), 1 left on base; Intercourse 6 - Kingston 7
BOTTOM OF THE 7TH
Kingston Iguanas batting - Pitching for Intercourse Amish : RHP Don Shelton
Batting: RHB Ken MacDonald 0-0: SINGLE (Flyball, 9LM)
Batting: RHB Bobby Armstrong 0-0: Ball
1-0: Sac Bunt - play at first, batter OUT! 1-3
Ken MacDonald to second
Batting: LHB Billy Anderson 0-0: Intentional Walk
Pitching: RHP David Nanod
Batting: RHB Francisco Martínez 0-0: Ball
1-0: Swinging Strike
1-1: Grounds into double play, 6-4-3 (Groundball, 6)
Bottom of the 7th over - 0 run(s), 1 hit(s), 0 error(s), 1 left on base; Intercourse 6 - Kingston 7
TOP OF THE 8TH
Intercourse Amish batting - Pitching for Kingston Iguanas : RHP Ron Jenkins
Now at 2B: Manuel Gómez
Batting: LHB Caleb Hall 0-0: Ball
1-0: Called Strike
1-1: Called Strike
1-2: Ball
2-2: Ball
3-2: Foul Ball, location: 2F
3-2: Base on Balls
Batting: RHB Joe Zapata 0-0: Called Strike
0-1: Sac Bunt - play at second, runner OUT! 1-6
Batting: RHB Bob Carr 0-0: Ball
1-0: Called Strike
1-1: SINGLE (Line Drive, 3)
Joe Zapata to second
Pinch Hitting: RHB Frank Maxwell 0-0: Ball
1-0: Called Strike
1-1: Ball
2-1: Swinging Strike
2-2: Ball
3-2: SINGLE (Groundball, 6D)
Joe Zapata to third
Bob Carr to second
Batting: LHB Dave Reynolds 0-0: Ball
1-0: Called Strike
1-1: Fly out, F9 (Flyball, 9LD)
Runner from 3rd tags up, SCORES, no throw
Bob Carr to third
Batting: LHB Bruce Foster 0-0: Swinging Strike
0-1: Fly out, F8 (Flyball, 8LD)
Top of the 8th over - 1 run(s), 2 hit(s), 0 error(s), 2 left on base; Intercourse 7 - Kingston 7
BOTTOM OF THE 8TH
Kingston Iguanas batting - Pitching for Intercourse Amish : RHP David Nanod
Now in RF: Greg Carpenter
Batting: LHB Dusty Wilson 0-0: Ball
1-0: Called Strike
1-1: Swinging Strike
1-2: Ball
2-2: Foul Ball, location: 2F
2-2: Ground out 4-3 (Groundball, 4)
Batting: RHB Tommy Davenport 0-0: Ball
1-0: Ball
2-0: Ball
3-0: Called Strike
3-1: Foul Ball, location: 2F
3-2: Base on Balls
Batting: LHB Gustavo Gómez 0-0: Ball
1-0: Called Strike
1-1: Swinging Strike
1-2: Strikes out swinging
Batting: SHB Devin Smith 0-0: Fly out, F7 (Flyball, 78S)
Bottom of the 8th over - 0 run(s), 0 hit(s), 0 error(s), 1 left on base; Intercourse 7 - Kingston 7
TOP OF THE 9TH
Intercourse Amish batting - Pitching for Kingston Iguanas : RHP Ron Jenkins
Pitching: RHP Guo-fang Juan
Batting: RHB John Little 0-0: Ball
1-0: Ball
2-0: Fly out, F7 (Flyball, 78M)
Batting: RHB José Velázquez 0-0: Called Strike
0-1: SINGLE (Groundball, 56S) (infield hit)
Batting: RHB Juan Caceres 0-0: Foul Ball, location: 2F
0-1: Foul Ball, location: 2F
0-2: Strikes out looking
Batting: LHB Caleb Hall 0-0: Called Strike
0-1: Ball
1-1: Foul Ball, location: 2F
1-2: Strikes out looking
Top of the 9th over - 0 run(s), 1 hit(s), 0 error(s), 1 left on base; Intercourse 7 - Kingston 7
BOTTOM OF THE 9TH
Kingston Iguanas batting - Pitching for Intercourse Amish : RHP David Nanod
Batting: SHB Júlio Valentín 0-0: Swinging Strike
0-1: Foul Ball, location: 2F
0-2: Foul Ball, location: 2F
0-2: Ball
1-2: Ball
2-2: Strikes out swinging
Batting: RHB Manuel Gómez 0-0: Ball
1-0: Foul Ball, location: 2F
1-1: Called Strike
1-2: Strikes out swinging
Batting: RHB Bobby Armstrong 0-0: Ball
1-0: SOLO HOME RUN (Flyball, 78XD), Distance : 389 ft
Tuesday, August 8th, 2017 - OOTP Baseball 17.12 Build 75